 Dungeon Crawl Stone Soup version 0.28-a0-728-g0181a31188 (webtiles) character file.

Game seed: 4999683981137141036

7 Ijustatesigmund the Covert (level 2, -3/29 HPs)
             Began as a Gnoll Delver on Oct 28, 2021.
             Slain by a kobold (4 damage)
             ... on level 4 of the Dungeon.
             The game lasted 00:00:54 (218 turns).

Ijustatesigmund the Covert (Gnoll Delver)            Turns: 218, Time: 00:00:56

Health: -3/29      AC:  3    Str: 11    XL:     2   Next: 4%
Magic:  2/2        EV: 13    Int:  9    God:
Gold:   36         SH:  0    Dex: 13    Spells: 1/1 levels left

rFire   . . .      SeeInvis .   a - +0 hand axe
rCold   . . .      Faith    .   (no shield)
rNeg    . . .      Spirit   .   b - +0 leather armour
rPois   .          Reflect  .   (no helmet)
rElec   .          Harm     .   (no cloak)
rCorr   .          Rampage  .   (no gloves)
Will    .....                   (no boots)
Stlth   ++++......              (no amulet)
HPRegen 0.09/turn               (no ring)
MPRegen 0.08/turn               (no ring)

@: lethally poisoned (-3 -> -34), hasted, very quick
A: fangs 1, strong nose, distributed training
a: no special abilities


You were on level 4 of the Dungeon.
You visited 1 branch of the dungeon, and saw 3 of its levels.

You collected 36 gold pieces.

Inventory:

Hand Weapons
 a - a +0 hand axe (weapon)
 k - a +2 dagger of holy wrath
Armour
 b - a +0 leather armour (worn)
Wands
 g - a wand of digging (3)
Scrolls
 c - a scroll of fog
 d - a scroll of magic mapping
 e - a scroll of fear
 h - a scroll of identify {unknown}
 i - a scroll of blinking {unknown}
 j - a scroll of enchant weapon {unknown}


   Skills:
 + Level 6.4 Fighting
 + Level 0.2 Short Blades
 + Level 0.2 Long Blades
 + Level 4.4 Axes
 + Level 0.2 Maces & Flails
 + Level 0.2 Polearms
 + Level 0.2 Staves
 + Level 0.2 Slings
 + Level 0.2 Bows
 + Level 0.2 Crossbows
 + Level 0.2 Throwing
 + Level 0.2 Armour
 + Level 4.4 Dodging
 + Level 9.5 Stealth
 + Level 0.2 Shields
 + Level 0.2 Unarmed Combat
 + Level 0.2 Spellcasting
 + Level 0.1 Conjurations
 + Level 0.1 Hexes
 + Level 0.1 Summonings
 + Level 0.1 Necromancy
 + Level 0.1 Translocations
 + Level 0.1 Transmutations
 + Level 0.1 Fire Magic
 + Level 0.1 Ice Magic
 + Level 0.1 Air Magic
 + Level 0.1 Earth Magic
 + Level 0.1 Poison Magic
 + Level 0.3 Invocations
 + Level 0.2 Evocations


You had one spell level left.
You didn't know any spells.
Your spell library was empty.

Dungeon Overview and Level Annotations

Branches:
Dungeon (5/15)
 Temple: D:4-7

Altars:


Innate Abilities, Weirdness & Mutations

You have very sharp teeth.
Your uncanny sense of smell can sniff out nearby items.
Your experience applies equally to all skills.


Message History

Found a trident.
There is a stone staircase leading up here.
You climb upwards.
There is a stone staircase leading down here.
You start resting.
HP restored.
You climb downwards.
The kobold hits you with a +0 short sword.
The orc hits you but does no damage.
You are poisoned.
There is a stone staircase leading up here.
You hit the kobold but do no damage. You hit the orc.
You feel sick. The kobold barely misses you. The orc closely misses you.
The kobold closely misses you.
You barely miss the orc.
The orc is lightly wounded.
You barely miss the kobold.
You feel sick. The orc closely misses you.
The kobold hits you with a +0 short sword.
You closely miss the orc.
The orc is lightly wounded.
You hit the kobold.
You feel sick.
The orc hits you with a +2 dagger of venom.
You are more poisoned.
The kobold hits you with a +0 short sword.
You hit the kobold. Your bite misses the kobold.
The kobold is almost dead.
You hit the orc.
You feel very sick.
The orc hits you with a +2 dagger of venom.
* * * LOW HITPOINT WARNING * * *
You are more poisoned.
The kobold closely misses you.
You feel yourself speed up.
* * * LOW HITPOINT WARNING * * *
You feel very sick.
The orc hits you with a +2 dagger of venom.
* * * LOW HITPOINT WARNING * * *
You are more poisoned.
The kobold hits you with a +0 short sword.
You die...

###...#.. #.....)..
#....#.. . #...... .
#....# ..... . #....#
....... ∆
#K...+...........
#@o..#..........
#....#.........###
#.......#.#.......
#....####.#.......
#.................
#..............)..
#####.###...#..(.....
#....................
#...........########.


You could see an orc and a kobold.

Vanquished Creatures
  2 orcs (D:4)
  A ball python (D:4)
  A goblin (D:4)
  A kobold (D:4)
5 creatures vanquished.

Notes
Turn   | Place    | Note
-------+----------+-------------------------------------------
     0 | D:5      | Reached skill level 9 in Stealth
     0 | D:5      | Ijustatesigmund the Gnoll Delver began the quest for the
                  | Orb.
     0 | D:5      | Reached XP level 1. HP: 23/23 MP: 1/1
     8 | D:5      | Noticed an iguana
    94 | D:4      | Reached XP level 2. HP: 18/29 MP: 2/2
   218 | D:4      | HP: 1/29 [orc (1)]
   218 | D:4      | Slain by a kobold

Illustrated notes

Levels and vault maps discovered:
D:3:      layout_loops_cross, uniq_grinder, uniq_natasha
D:4:      layout_basic
D:5:      cheibrodos_barr_body, layout_loops_ring, general_overflow_altar,
          nicolae_uskayaw_suspiria, ebering_ghost_sewer_f, serial_shops,
          nicolae_shop_statue_plus

Skill      XL: | |
---------------+-+-----
Stealth        | |  9.5
Fighting       | |  6.4
Short Blades   | |  0.2
Long Blades    | |  0.2
Axes           | |  4.4
Maces & Flails | |  0.2
Polearms       | |  0.2
Staves         | |  0.2
Slings         | |  0.2
Bows           | |  0.2
Crossbows      | |  0.2
Throwing       | |  0.2
Armour         | |  0.2
Dodging        | |  4.4
Shields        | |  0.2
Unarmed Combat | |  0.2
Spellcasting   | |  0.2
Conjurations   | |  0.1
Hexes          | |  0.1
Summonings     | |  0.1
Necromancy     | |  0.1
Translocations | |  0.1
Transmutations | |  0.1
Fire Magic     | |  0.1
Ice Magic      | |  0.1
Air Magic      | |  0.1
Earth Magic    | |  0.1
Poison Magic   | |  0.1
Invocations    | |  0.3
Evocations     | |  0.2

Action                   || total
-------------------------++-------
Melee: Hand axe          ||    13
  Use: Potion            ||     1
 Stab: Sleeping          ||     2
Armor: Leather armour    ||     3
Dodge: Dodged            ||     5

Table legend: (Time is in decaauts)
 A = Elapsed time spent in this place.
 B = Non-inter-level travel time spent in this place.
 C = Inter-level travel time spent in this place.
 D = Time resting spent in this place.
 E = Time spent auto-exploring this place.
 F = Levels seen in this place.
 G = Mean time per level.
                   A        B        C        D        E       F      G
               +--------+--------+--------+--------+--------+-----+--------+
         Total |    219 |    219 |      0 |     98 |      8 |   3 |   73.0 |
       Dungeon |    219 |    219 |      0 |     98 |      8 |   3 |   73.0 |
               +--------+--------+--------+--------+--------+-----+--------+

Top non-repeatable levels by time:
     D:3: 95 daAuts
     D:4: 95 daAuts
     D:5: 28 daAuts
